Cogmind - Beta 13 @@@ ROGUE MODE // 2024.03.17 @ 13:05:56 Player: darki Result: Destroyed by EX-DEC with AWS/EX-DEC Performance ------------- Evolutions (1) 500 Regions Visited (5) 1000 Robots Destroyed (65) 325 Value Destroyed (1202) 1202 Prototype IDs (26) 520 Alien Tech Used (0) 0 Bonus (322) 322 TOTAL SCORE: 3869 Bonus ------- High Alert Combat Kills 22 Aligned with FarCom 300 Cogmind --------- Core Integrity 0/400 Matter 134/300 Energy 2/265 System Corruption 7% Temperature Cool (0) Movement Rolling (150) Ox4 Location -9/Exiles Parts ------- > --- POWER (1) -------- Reinforced Ion Engine > --- PROPULSION (2) --- Armored Wheel Armored Wheel > --- UTILITY (4) ------ Huge Storage Unit Utility Shielding Shield Generator > --- WEAPON (2) ------- Improved Assault Rifle Improved Assault Rifle > --- INVENTORY (25) --- Heavy Ion Engine Light Treads Light Treads Light Treads Improved Treads Armored Wheel Armored Wheel Experimental Heat Sink Huge Storage Unit Heavy Assault Rifle Shotgun Shotgun Improved Assault Rifle Improved Light Cannon Improved Light Cannon Improved Light Cannon Rocket Launcher Rocket Launcher Peak State ------------ > --- POWER ------------ Heavy Ion Engine > --- PROPULSION ------- Armored Wheel Armored Wheel > --- UTILITY ---------- Experimental Heat Sink Huge Storage Unit Medium Armor Plating Hardened Light Armor Plating > --- WEAPON ----------- Improved Light Cannon Improved Light Cannon > --- INVENTORY -------- Reinforced Ion Engine Heavy Ion Engine Light Treads Light Treads Light Treads Improved Treads Armored Wheel Armored Wheel Huge Storage Unit Recoil Stabilizer Utility Shielding Light Armor Plating Shield Generator Heavy Assault Rifle Shotgun Shotgun Improved Assault Rifle Improved Assault Rifle Improved Assault Rifle Improved Light Cannon Rocket Launcher Rocket Launcher [Rating: 27] Favorites ----------- Power Light Ion Engine Engine Light Ion Engine Power Core Light Nuclear Core Propulsion Aluminum Leg Treads Light Treads Leg Aluminum Leg Wheel Armored Wheel Utility Small Storage Unit Device Recoil Stabilizer Storage Small Storage Unit Protection Light Armor Plating Weapon Assault Rifle Ballistic Gun Assault Rifle Ballistic Cannon Improved Light Cannon Launcher Rocket Launcher Special Weapon Plasma Cutter Build | -11 -10 -10 -9 -9 -9 ------- Run | Yrd Mat Min Mat Min Exi Slots Evolved 2 | . . . 2 . . Power . | . . . . . . Propulsion . | . . . . . . Utility 2 | . . . 2 . . Weapon . | . . . . . . Parts Attached 54 | 7 10 . 13 8 16 Power 3 | . 1 . 1 . 1 Engine 2 | . . . 1 . 1 Core 1 | . 1 . . . . Reactor . | . . . . . . Propulsion 11 | 5 2 . 3 1 . Treads 3 | 3 . . . . . Leg 2 | 2 . . . . . Wheel 6 | . 2 . 3 1 . Hover . | . . . . . . Flight . | . . . . . . Utility 21 | 1 3 . 5 4 8 Device 5 | . . . 2 . 3 Storage 4 | 1 1 . 1 1 . Processor . | . . . . . . Hackware . | . . . . . . Protection 12 | . 2 . 2 3 5 Artifact . | . . . . . . Weapon 19 | 1 4 . 4 3 7 Energy Gun . | . . . . . . Energy Cannon . | . . . . . . Ballistic Gun 11 | 1 3 . 3 2 2 Ballistic Cannon 2 | . . . . . 2 Launcher 5 | . . . 1 1 3 Special Weapon 1 | . 1 . . . . Impact Weapon . | . . . . . . Slashing Weapon . | . . . . . . Piercing Weapon . | . . . . . . Special Melee Weapon . | . . . . . . Unidentified Prototypes 3 | . . . 2 . 1 Parts Lost 11 | . . . 1 5 5 Power 1 | . . . . . 1 Propulsion 1 | . . . . 1 . Utility 8 | . . . 1 3 4 Weapon 1 | . . . . 1 . Highest Loss Streak 4 | . . . 1 3 4 To Critical Strikes . | . . . . . . Average Slot Usage (%) 97 | . 100 100 92 99 99 Engine 9 | . 10 . 6 11 11 Core 2 | . 3 14 4 . . Leg 3 | . 12 . . . . Wheel 20 | . 15 28 22 21 22 Device 9 | . . . 14 12 12 Storage 13 | . 20 14 11 11 11 Protection 14 | . 7 14 10 20 20 Ballistic Gun 21 | . 23 28 21 21 17 Ballistic Cannon 1 | . . . . . 4 Special Weapon 1 | . 4 . . . . Naked Turns . | . . . . . . Heaviest Build 110 | 13 94 94 100 101 110 Greatest Support 28 | 20 26 26 28 24 24 Greatest Overweight (x) 8 | 4 4 3 4 8 4 Average Overweight (x) 3 | 2 2 3 3 4 3 Largest Inventory Capacity 25 | 8 25 25 25 25 25 Average Capacity 12 | 8 17 25 25 25 25 Most Carried 25 | 8 25 25 25 25 25 Average Carried 10 | 6 15 25 24 23 22 Final Capacity 25 | 8 25 25 25 25 25 Final Carried 25 | 6 25 25 25 23 18 Class Distribution -------------------- 100% | Mutant Dominant Class ---------------- Mutant | -10/Materials Mutant | -10/Mines Mutant | -9/Materials Mutant | -9/Mines Mutant | -9/Exiles Resources | -11 -10 -10 -9 -9 -9 ----------- Run | Yrd Mat Min Mat Min Exi Matter Collected 1844 | 363 273 . 659 250 299 Remotely . | . . . . . . Salvage Created 2035 | 192 310 . 1048 260 225 Parts 157 | 25 23 . 75 22 12 Haulers Intercepted 5 | . . . 5 . . Recyclers Shooed 1 | . . . 1 . . Parts Field Recycled . | . . . . . . Retrieved Matter . | . . . . . . Parts Self-Destructed . | . . . . . . Prevented . | . . . . . . Kills | -11 -10 -10 -9 -9 -9 ------- Run | Yrd Mat Min Mat Min Exi Combat Hostiles Destroyed 41 | . 7 . 22 11 1 Guns 40 | . 7 . 22 11 . Cannons 1 | . . . . . 1 Classes Destroyed 13 | 3 4 . 3 . 3 Worker 1 | 1 . . . . . Builder 1 | . 1 . . . . Tunneler 7 | 6 . . 1 . . Hauler 5 | . . . 5 . . Recycler 5 | 1 2 . 2 . . Operator 2 | . 1 . 1 . . Turret 1 | . . . . . 1 Watcher 1 | . . . 1 . . Swarmer 20 | . 5 . 9 6 . Grunt 13 | . 2 . 8 3 . Sentry 7 | . . . 5 2 . Zionite 3 | . . . . . 3 Assembled 1 | . . . . . 1 Best Kill Streak 7 | 3 5 . 7 3 3 Combat Bots Only 4 | . 3 . 4 3 1 Max Kills in Single Turn 3 | 1 1 . 3 1 1 Gunslinging 1 | . . . 1 . . Exploded . | . . . . . . Melee . | . . . . . . Uniques/NPCs Destroyed 1 | . . . . . 1 8R-AWN (-9/Exiles) Combat | -11 -10 -10 -9 -9 -9 -------- Run | Yrd Mat Min Mat Min Exi Hostile Shots Fired 252 | . 27 . 71 89 65 Missed 60 | . 6 . 19 25 10 Damage Taken 2755 | 3 227 . 487 743 1295 Core 436 | . 34 . 47 122 233 Absorbed by Shields 289 | . . . 110 84 95 Redirected to Shielding 27 | . . . . . 27 Regen/Repaired (Parts) 66 | . 66 . . . . Core Remaining (%) 93 | 100 . 86 . . . Volleys Fired 171 | 26 18 . 64 22 41 Largest 2 | 2 2 . 2 2 2 Hottest 78 | 40 46 . 46 56 78 Shots Fired 340 | 52 36 . 127 44 81 Gun 308 | 52 36 . 126 42 52 Cannon 21 | . . . . . 21 Launcher 11 | . . . 1 2 8 Special . | . . . . . . Kinetic 329 | 52 36 . 126 42 73 Thermal . | . . . . . . Explosive 11 | . . . 1 2 8 Electromagnetic . | . . . . . . Robot Hit Streak 17 | 8 8 . 15 17 10 Robot Miss Streak 10 | 4 3 . 10 5 5 Penetration Max . | . . . . . . Secondary Targets 5 | . . . 4 1 . Max Gunslinging Chain 1 | . . . 1 1 . Shots Hit Robots 235 | 26 27 . 94 34 54 Core Hits 123 | 12 18 . 57 17 19 Critical Kills . | . . . . . . Critical Parts Destroyed . | . . . . . . Critical Strikes 1 | . . . . . 1 Blast 1 | . . . . . 1 Melee Attacks . | . . . . . . Impact . | . . . . . . Slashing . | . . . . . . Piercing . | . . . . . . Sneak Attacks . | . . . . . . Combat Hostiles . | . . . . . . Follow-up Attacks . | . . . . . . Damage Inflicted 3846 | 291 381 . 1559 598 1017 Guns 3292 | 283 381 . 1514 520 594 Cannons 240 | . . . . . 240 Explosions 306 | . . . 45 78 183 Melee . | . . . . . . Ramming 8 | 8 . . . . . Kinetic 3532 | 283 381 . 1514 520 834 Thermal . | . . . . . . Explosive 306 | . . . 45 78 183 Electromagnetic . | . . . . . . Impact . | . . . . . . Slashing . | . . . . . . Piercing . | . . . . . . Highest Corruption 6 | . . . . . 6 Average Corruption 3 | . . . . . 3 Corruption Purged . | . . . . . . Corruption Blocked . | . . . . . . Overload Shots . | . . . . . . Overflow Damage 27 | . . . 15 . 12 Projectiles 12 | . . . . . 12 Explosions 15 | . . . 15 . . Melee . | . . . . . . Knockbacks . | . . . . . . Impact . | . . . . . . Kinetic . | . . . . . . Secondary . | . . . . . . Self-Inflicted Damage 76 | 3 . . . 31 42 Shots 2 | . . . . 1 1 Rammed 3 | 3 . . . . . Targets Rammed 3 | 3 . . . . . Kicked . | . . . . . . Crushed . | . . . . . . Highest Temperature 162 | . 26 . 6 64 162 Average Temperature 34 | . 16 . 2 23 58 Received Heat Transfer 554 | . 99 . 161 294 . Siege Activations . | . . . . . . Robots Corrupted . | . . . . . . Combat Hostiles . | . . . . . . Parts Fried . | . . . . . . Impact Corruptions . | . . . . . . Robots Melted . | . . . . . . Combat Hostiles . | . . . . . . Parts Melted . | . . . . . . Heat Transferred . | . . . . . . Parts Sabotaged . | . . . . . . Parts Stolen . | . . . . . . Parts Stripped . | . . . . . . Power Chain Reactions . | . . . . . . Alert | -11 -10 -10 -9 -9 -9 ------- Run | Yrd Mat Min Mat Min Exi Peak Influence 488 | 35 194 40 488 301 . Initial 190 | . 3 40 15 190 . Average 39 | 2 45 40 265 183 . Maximum Alert Level 2 | . . . 2 1 . Low Security (%) 89 | 100 100 100 14 42 . Level 1 10 | . . . 78 57 . Level 2 . | . . . 6 . . Level 3 . | . . . . . . Level 4 . | . . . . . . Level 5 . | . . . . . . High Security . | . . . . . . Max Security . | . . . . . . Squads Dispatched 2 | . 1 . 1 . . Investigation 1 | . 1 . . . . Extermination . | . . . . . . Reinforcement 1 | . . . 1 . . Assault . | . . . . . . Garrison . | . . . . . . Intercept . | . . . . . . Searches Triggered . | . . . . . . Construction Impeded . | . . . . . . Haulers Reinforced . | . . . . . . Active Scanning Responses . | . . . . . . Cargo Convoy Interrupts . | . . . . . . Stealth | -11 -10 -10 -9 -9 -9 --------- Run | Yrd Mat Min Mat Min Exi Distress Signals 2 | . . . 2 . . Communications Jammed . | . . . . . . Distress Signals . | . . . . . . Times Spotted 99 | . 12 . 35 13 39 Peak Tracking Total 9 | . 3 . 4 4 9 Tactical Retreats 9 | . . . 3 . 6 Traps | -11 -10 -10 -9 -9 -9 ------- Run | Yrd Mat Min Mat Min Exi Traps Triggered . | . . . . . . Indirectly . | . . . . . . Trap Hack Attempts . | . . . . . . Triggered . | . . . . . . Disarmed . | . . . . . . Reprogrammed . | . . . . . . Reused . | . . . . . . Traps Extracted . | . . . . . . Installed . | . . . . . . Triggered . | . . . . . . Machines | -11 -10 -10 -9 -9 -9 ---------- Run | Yrd Mat Min Mat Min Exi Machines Disabled 8 | . . . 2 . 6 Max in Single Turn 2 | . . . 2 . 1 Machines Repaired . | . . . . . . Machines Dismantled 4 | . 4 . . . . Machines Sabotaged . | . . . . . . Overloaded Fab Kills . | . . . . . . Hacking | -11 -10 -10 -9 -9 -9 --------- Run | Yrd Mat Min Mat Min Exi Machines Accessed 8 | . 6 . 1 . 1 Terminals 6 | . 5 . 1 . . Fabricators . | . . . . . . Repair Stations 1 | . 1 . . . . Recycling Units . | . . . . . . Scanalyzers . | . . . . . . Garrison Access . | . . . . . . Total Hacks 22 | . 18 . 3 . 1 Successful 9 | . 8 . . . 1 Failed 13 | . 10 . 3 . . Catastrophic 1 | . 1 . . . . Database Lockouts . | . . . . . . Manual 19 | . 15 . 3 . 1 Terminals 17 | . 14 . 3 . . Fabricators . | . . . . . . Repair Stations 4 | . 4 . . . . Recycling Units . | . . . . . . Scanalyzers . | . . . . . . Garrison Access . | . . . . . . Terminal Hacks 4 | . 3 . . . 1 Robot Analysis 3 | . 3 . . . . Derelict Proto ID Bank 1 | . . . . . 1 Fabricator Hacks . | . . . . . . Repair Station Hacks 3 | . 3 . . . . Scan Component 1 | . 1 . . . . Repair 1 | . 1 . . . . Refit 1 | . 1 . . . . Recycling Unit Hacks . | . . . . . . Scanalyzer . | . . . . . . Garrison Access Hacks . | . . . . . . Unauthorized Hacks 2 | . 2 . . . . Terminals 2 | . 2 . . . . Botnet 2 | . 2 . . . . Fabricators . | . . . . . . Repair Stations . | . . . . . . Recycling Units . | . . . . . . Scanalyzers . | . . . . . . Garrison Access . | . . . . . . Data Cores Recovered 2 | . 1 . 1 . . Used 1 | . 1 . . . . Hacking Detections 6 | . 5 . 1 . . Full Trace Events 1 | . 1 . . . . Feedback Events . | . . . . . . Feedback Blocked . | . . . . . . Robot Schematics Acquired . | . . . . . . Robots Built . | . . . . . . Authchips . | . . . . . . Time . | . . . . . . Total Robot Build Rating . | . . . . . . Part Schematics Acquired . | . . . . . . Parts Built . | . . . . . . Authchips . | . . . . . . Time . | . . . . . . Total Part Build Rating . | . . . . . . Parts Repaired 1 | . 1 . . . . Time 26 | . 26 . . . . Parts Recycled . | . . . . . . Recycled Matter . | . . . . . . Retrieved Matter . | . . . . . . Retrieved Components . | . . . . . . Parts Scanalyzed . | . . . . . . Part Schematics Acquired . | . . . . . . Parts Damaged . | . . . . . . Bothacking | -11 -10 -10 -9 -9 -9 ------------ Run | Yrd Mat Min Mat Min Exi Used RIF Installer . | . . . . . . Robots Hacked . | . . . . . . Non-combat . | . . . . . . Combat . | . . . . . . Robot Hacks Applied . | . . . . . . Relay Couplers Released . | . . . . . . Fabnet Peak Effective % . | . . . . . . Robots Rewired . | . . . . . . Allies Hacked . | . . . . . . Hacks Repelled . | . . . . . . Allies | -11 -10 -10 -9 -9 -9 -------- Run | Yrd Mat Min Mat Min Exi Total Allies . | . . . . . . Largest Group . | . . . . . . Highest-Rated Group . | . . . . . . Highest-Rated Ally . | . . . . . . Total Orders . | . . . . . . Ally Attacks 15 | . . . . . 15 Total Damage 760 | . . . . . 760 Kills 4 | . . . . . 4 Allies Corrupted . | . . . . . . Allies Melted . | . . . . . . Turrets Deployed 3 | . . . . . 3 Intel | -11 -10 -10 -9 -9 -9 ------- Run | Yrd Mat Min Mat Min Exi Robot Analysis Total 3 | . 3 . . . . Derelict Logs Recovered 2 | . . . . 2 . Drone Launches . | . . . . . . Drone Recoveries . | . . . . . . Exploration | -11 -10 -10 -9 -9 -9 ------------- Run | Yrd Mat Min Mat Min Exi Turns Passed 14971 | 10805 996 59 1136 892 1083 Spaces Moved 4497 | 2376 453 37 522 526 583 Core 1830 | 1830 . . . . . Treads . | . . . . . . Legs 679 | 546 133 . . . . Wheels 1988 | . 320 37 522 526 583 Hover . | . . . . . . Flight . | . . . . . . Fastest Speed 120 | 120 120 135 135 150 135 Average Speed 181 | 214 131 135 145 150 149 Slowest Speed 400 | 250 400 135 150 210 150 Overloaded Moves . | . . . . . . Propulsion Burnouts . | . . . . . . Robots Hopped . | . . . . . . Cave-ins Triggered . | . . . . . . Exploration Rate (%) 62 | 81 61 11 57 92 74 Regions Visited 5 Branch Regions 3 Pre-discovered Areas 1 | . . . . 1 . Known Exits Taken . | . . . . . . Unknown Exits Taken 5 | 1 1 1 1 1 . Scrap Searched 1 | . . . . 1 . Spaces Dug . | . . . . . . Terrain Destroyed 34 | . . . 5 11 18 Melee . | . . . . . . Projectile 2 | . . . . . 2 AOE 32 | . . . 5 11 16 Terrain Rammed . | . . . . . . Walls Destroyed . | . . . . . . Machines Disabled . | . . . . . . Actions | -11 -10 -10 -9 -9 -9 --------- Run | Yrd Mat Min Mat Min Exi Total 10823 | 8039 640 47 799 583 715 Wait 5891 | 5622 43 9 139 23 55 Move 4492 | 2375 452 36 521 525 583 Hop . | . . . . . . Pick Up 61 | 1 20 1 27 4 8 Fast Attach 11 | 2 2 . 6 . 1 Attach 17 | 3 1 . 1 5 7 Detach 8 | 3 1 . 2 . 2 Swap 26 | 2 7 . 6 3 8 Drop 53 | 2 6 1 33 1 10 Fire 171 | 26 18 . 64 22 41 Melee . | . . . . . . Ram 3 | 3 . . . . . Kick . | . . . . . . Crush . | . . . . . . Escape Stasis . | . . . . . . Rewire . | . . . . . . Trap . | . . . . . . Miscellaneous 90 | . 90 . . . . Route ------- -11/Scrapyard -10/Materials (discovered 2 exits: *Mat / [*Min]) -10/Mines -9/Materials (discovered 2 exits: [*Mat] / [*Min]) -9/Mines (discovered 4 exits: [*Mat x2] / *Exi / [*Zio]) -9/Exiles History --------- Turn | Location | Event 4 | -11/Scrapyard | Discovered new exit (range 3) 10806 | -11/Scrapyard | Entered Materials 10807 | -10/Materials | Build established: Mutant 11611 | -10/Materials | Repaired Lgt. Armor Plating 11620 | -10/Materials | Discovered new exit (range 4) 11777 | -10/Materials | Discovered new exit (range 13) 11802 | -10/Materials | Entered Mines 11828 | -10/Mines | Received a Rocket Launcher from a helpful Derelict 11835 | -10/Mines | Discovered new exit (range 12) 11861 | -10/Mines | Entered Materials 11861 | -9/Materials | Evolved 2 slots: Utility x2 12307 | -9/Materials | Discovered new exit (range 4) 12710 | -9/Materials | Discovered new exit (range 13) 12997 | -9/Materials | Entered Mines 13058 | -9/Mines | Met a Derelict bent on vengeance 13142 | -9/Mines | Lost 3 parts (2u1w) 13520 | -9/Mines | Discovered new exit (range 7) 13800 | -9/Mines | A Derelict revealed a hidden shortcut to a safe place 13856 | -9/Mines | Learned location of Recycling (-7) 13859 | -9/Mines | Learned 4 Materials zone layouts 13862 | -9/Mines | Discovered new exit (range 11) 13881 | -9/Mines | Deemed a non-threat by the Exiles lab entrance 13883 | -9/Mines | Discovered new exit (range 5) 13889 | -9/Mines | Entered Exiles 13939 | -9/Exiles | Met 8R-AWN 13960 | -9/Exiles | Met EX-HEX 14004 | -9/Exiles | Met EX-BIN 14022 | -9/Exiles | Aligned with FarCom system 14023 | -9/Exiles | Given EX-Vault access code 14059 | -9/Exiles | Opened EX-Vault 14071 | -9/Exiles | Found Deploy-a-Sentry 14073 | -9/Exiles | Found Deploy-a-Sentry 14076 | -9/Exiles | Found Deploy-a-Sentry 14108 | -9/Exiles | Warned to stay clear of 0b10 Research branches 14150 | -9/Exiles | Met EX-DEC 14234 | -9/Exiles | DAS Turret deployed 14240 | -9/Exiles | DAS Turret deployed 14243 | -9/Exiles | DAS Turret deployed 14542 | -9/Exiles | Attacked by the Exiles 14644 | -9/Exiles | Allies destroyed 8R-AWN 14761 | -9/Exiles | Core integrity fell below 50% 14801 | -9/Exiles | Lost 4 parts (1p3u) 14967 | -9/Exiles | Core integrity fell below 20% 14972 | -9/Exiles | Destroyed by EX-DEC with AWS/EX-DEC Last Messages --------------- 14762_ Machine disabled. 14765_ Hrd. Light Armor Plating destroyed. 14765_ Destroyed Hrd. Light Armor Plating. 14766_ Knocked back. 14770_ Lgt. Armor Plating destroyed. 14770_ Knocked back. 14771_ DAS Turret destroyed. 14795_ The unstable cave ceiling collapses. 14826_ A-02 Transporter destroyed. 14844_ Destroyed Ion Engine. 14847_ A-02 Transporter destroyed. 14850_ Acquired 55 matter. 14851_ Acquired 46 matter. 14854_ Acquired 45 matter. 14919_ J5-HVA destroyed. 14919_ Machine disabled. 14926_ 5L-KAT destroyed. 14929_ GC-X55(z) destroyed. 14938_ Machine disabled. 14951_ Recoil Stabilizer destroyed. Map ----- +----------------------------------------------------+ | ??????????# | | ??????????# | | ??????????# # " "" | | ??????????## ""## ##""" " " | | ???????????## ""#### #??###?"" " | | ????????????# """"##??# #?????????? | | ????????????##""" """#???# #?????????? | | ?????????????## ""##??#! "!#??????? | | ??????????????#"" """##???#" !#??????? | | ??????????????##""" ##????#" "#??????? | | ???????????????##"""" ##?????#!!""!"#??????? | | ????????????????### z #??????########??????? | | ??????????????????##### ##????????????????????? | | ??????????????????????## #?????????????????????? | | ???????????????????????# #?????????????????????? | | ???????????????????????# #?????????????????????? | | ???????????????????????# #?????????????????????? | | ???????????????????????# #?????????????????????? | | ???????????????????????# #?????????????????????? | | ???????????????????????# #?????????????????????? | | ???????????????????????# #?????????????????????? | | ???????????????????????# #?????????????????????? | | ???????????????????????# #?????????????????????? | | ???????????????"""###### ######????????????????? | | ?????????????"" " " """""""#??????????????? | | ????????????"" c *%!@ "#??????????????? | | ?????????? z !%= " "??????????? | | ?????????? =% * " "???????????? | | ??????????? " "???????????? | | ??????????? " #"" ???????????? | | ????????????"" " """" """""#??????????????? | | ?????????????##"""########"""######??????????????? | | ??????????????" ?????????? "???????????????????? | | ?????????????????????????? """??????????????????? | | ??????????????????????????""""???????????????????? | | ?????????????????????????? ""????????????????????? | | ??????????????????????????"??????????????????????? | | ?????????????????????????????????????????????????? | | ?????????????????????????????????????????????????? | | ?????????????????????????????????????????????????? | | ?????????????????????????????????????????????????? | | ?????????????????????????????????????????????????? | | | | | | | | | | | | | | | | | +----------------------------------------------------+ Best States ------------- Heat Dissipation 54 Energy Generation 14 Energy Capacity 280 Matter Stores 312 Matter Capacity 350 Sight Range 16 Terrain Scan Density 10 Armor Coverage 375 Utility Shielding 33 Evasion (%) 55 Recoil Reduction 4 Item Schematics ----------------- None Robot Schematics ------------------ None Fabricated ------------ Nothing Alien Tech Used ----------------- None Achievements -------------- None Challenges ------------ None Game ------ Seed TripodInsulatedProjector Manual? 0 Play Time 00:36:52 Cumulative 165.1 hours Start 2024.03.17 @ 12:14:32 End 2024.03.17 @ 13:05:56 Sessions 1 Manual Loads 0 Difficulty Rogue Special Mode None Game No. 176 Rogue 176 Adventurer 0 Explorer 0 Win Type - Total 1 Types 1/0/0/0/0/0/0/0/0 Lore% 53 Gallery% 71 Achievement% 55 Wizard Run 0 Options --------- Layout 1 ASCII 0 Keyboard 0 Movement Numpad Keybinds 0 Fullscreen 1 Font 24/Smallcaps Map View 50x35 Zoom Use 0% Tactical HUD 1 Map Filters NONE Filters NONE Steam 1 RUN: 1b219862-8cf8-4486-b14d-3cdac5a230fa